General information
- name: BNet
- type: Ladder 1vs1/FFA
- host: Battle.net
- saver: GoblinFingerer
map: TerenasStand
- players: 2
- length: 09:15
- speed: Fast
- version: 1.26 W3XP
- replay type: Public
» download(26 KB)
Players
team 1 (loser)
FantasyBlaze (
orange | 52 APM | 477 actions | 09:12)
2 Demon Hunter
1 Mana Burn
1 Evasion
» actions
| Basic commands | 1 | |
| Build / train | 34 | |
| Enter build submenu | 16 | |
| Enter hero's abilities submenu | 2 | |
| Remove unit from queue | 3 | |
| Right click | 192 | |
| Select / deselect | 196 | |
| Use ability | 33 | |
477 total
» units
| Wisp | 20 | |
| Archer | 5 | |
| Goblin Shredder | 1 | |
| Hippogryph | 2 | |
28 total
» buildings
| Altar of Elders | 1 | |
| Moon Well | 4 | |
| Ancient of War | 2 | |
| Tree of Ages | 1 | |
| Tree of Life | 1 | |
| Ancient of Wind | 2 | |
| Hunter's Hall | 1 | |
12 total
» build order
00:08 Altar of Elders
00:20 Moon Well
00:27 Ancient of War
01:40 Moon Well
02:23 Ancient of War
03:44 Moon Well
03:54 Tree of Ages
06:25 Tree of Life
07:07 Moon Well
07:32 Ancient of Wind
08:38 Ancient of Wind
08:59 Hunter's Hall
team 2 (winner)
GoblinFingerer (
pink | 68 APM | 629 actions | 09:15)
2 Blademaster
1 Wind Walk
1 Critical Strike
» actions
| Assign group hotkey | 28 | |
| Basic commands | 30 | |
| Build / train | 33 | |
| ESC pressed | 1 | |
| Enter build submenu | 20 | |
| Enter hero's abilities submenu | 2 | |
| Give item / drop item | 1 | |
| Right click | 276 | |
| Select / deselect | 128 | |
| Select group hotkey | 72 | |
| Use ability | 38 | |
629 total
» units
| Peon | 15 | |
| Wind Rider | 4 | |
| Troll Batrider | 2 | |
21 total
» buildings
| Altar of Storms | 1 | |
| Orc Burrow | 4 | |
| Voodoo Lounge | 1 | |
| War Mill | 1 | |
| Watch Tower | 8 | |
| Stronghold | 1 | |
| Beastiary | 2 | |
18 total
» build order
00:10 Altar of Storms
00:19 Orc Burrow
00:53 Voodoo Lounge
01:10 War Mill
01:43 Orc Burrow
02:24 Watch Tower
02:27 Watch Tower
02:52 Watch Tower
03:17 Watch Tower
03:17 Watch Tower
03:48 Stronghold
03:58 Watch Tower
05:03 Orc Burrow
05:21 Watch Tower
05:24 Watch Tower
06:10 Beastiary
06:13 Beastiary
08:35 Orc Burrow
» items
| Lesser Clarity Potion | 4 | |
| Healing Salve | 2 | |
| Staff of Teleportation | 1 | |
| Boots of Speed | 1 | |
8 total
Chat log
(00:15 / All) FantasyBlaze: hi
(09:12 / All) GoblinFingerer: so mad...